Get step-by-step instructions on how to execute this build order below. Start the game timer, and the build order will tick by so you can play in parallel with StarCraft on a second screen or mobile device.

Game Time

  0:00

Last Step

  N/A

Next Step

Upcoming Step



Don't want to look back and forth between 2 screens? Try out our Overwolf App, the Spawning Tool Build Advisor to get an in-game overlay with this build!

Complete Build Order

  12  0:00  Probe  
  13  0:12  Probe  
  14  0:17  Pylon  
  14  0:24  Probe (Chrono Boost)  
  16  0:36  Probe (Chrono Boost)  
  16  0:38  Gateway  
  16  0:43  Probe (Chrono Boost)  
  16  0:45  Assimilator  
  17  0:51  Probe  
  17  0:53  Assimilator  
  18  1:03  Probe (Chrono Boost)  
  19  1:08  Gateway  
  19  1:13  Probe (Chrono Boost)  
  20  1:22  Probe  
  20  1:25  Cybernetics Core  
  21  1:32  Pylon  
  21  1:34  Probe  
  22  1:46  Probe  
  24  2:02  Warp Gate, Stalker x2  
  27  2:09  Robotics Facility  
  27  2:17  Pylon  
  27  2:20  Probe  
  28  2:35  Stalker x2  
  32  2:56  Immortal (Chrono Boost), Pylon  
  35  3:25  Warp Prism (Chrono Boost), Shield Battery  
  37  3:51  Sentry x2  
  37  3:54  Observer  
  42  3:58  Pylon  
  42  4:06  Nexus  
  42  4:09  Probe  
  43  4:23  Immortal (Chrono Boost)  
  47  4:27  Probe  
  48  4:39  Probe  
  48  4:41  Sentry  
  48  4:42  Sentry  
  53  4:46  Pylon  
  52  5:03  Observer  
  52  5:06  Probe  
  50  5:10  Stalker x2  
  51  5:36  Probe  
  52  5:47  Observer  
  52  5:48  Probe (Chrono Boost)  
  53  5:55  Probe (Chrono Boost)  
  54  5:57  Shield Battery  
  54  6:00  Probe (Chrono Boost)  
  56  6:05  Probe (Chrono Boost)  
  56  6:08  Probe (Chrono Boost)  
  56  6:10  Probe (Chrono Boost)  
  57  6:17  Probe  
  58  6:19  Adept  
  58  6:20  Adept  
  62  6:27  Pylon  
  62  6:37  Gateway  
  62  6:45  Probe x2  
  62  6:57  Probe x2  
  62  6:59  Twilight Council  
  64  7:09  Probe (Chrono Boost)  
  64  7:11  Probe (Chrono Boost)  
  60  7:16  Stalker  
  60  7:17  Stalker  
  60  7:21  Probe (Chrono Boost)  
  66  7:27  Probe (Chrono Boost)  
  66  7:28  Probe (Chrono Boost)  
  67  7:31  Robotics Facility, Blink (Chrono Boost)  
  67  7:34  Probe  
  67  7:35  Probe  
  69  7:40  Stalker  
  69  7:43  Pylon  
  69  7:46  Probe  
  70  7:58  Pylon  
  70  8:00  Assimilator  
  70  8:01  Probe  
  70  8:05  Probe  
  70  8:17  Probe  
  69  8:20  Observer  
  69  8:21  Stalker x3  
  76  8:28  Probe  
  76  8:29  Probe, Pylon  
  78  8:35  Nexus  
  78  8:36  Pylon  
  78  8:44  Probe  
  78  8:45  Probe  
  80  8:51  Dark Shrine  
  80  8:53  Stalker x3  
  86  9:01  Immortal  
  90  9:08  Probe x2  
  92  9:12  Shield Battery  
  92  9:15  Pylon  
  92  9:20  Probe  
  93  9:42  Stalker x3  
  100  9:47  Probe x2  
  72  10:11  Stalker x3